 Dungeon Crawl Stone Soup version 0.22.1-6-g1668fe2c40 (webtiles) character file.

5763 Ihlosi the Ducker (level 11, -7/64 HPs)
             Began as a Kobold Fire Elementalist on Jan 21, 2019.
             Was a Follower of Vehumet.
             Killed from afar by Erica (24 damage)
             ... with an orb of energy
             ... on level 8 of the Dungeon on Jan 22, 2019.
             The game lasted 00:36:36 (13210 turns).

Ihlosi the Ducker (Kobold Fire Elementalist)       Turns: 13210, Time: 00:36:36

Health: -7/64      AC:  7    Str:  6    XL:     11   Next: 6%
Magic:  6/20       EV: 20    Int: 19    God:    Vehumet [*.....]
Gold:   493        SH:  0    Dex: 16    Spells: 12/22 levels left

rFire    . . .     SeeInvis .   a - +1 falchion (flame)
rCold    + . .     Gourm    .   (shield restricted)
rNeg     . . .     Faith    .   I - +2 robe {rC+}
rPois    .         Spirit   .   (no helmet)
rElec    .         Reflect  .   A - +2 cloak {MR+}
rCorr    .         Harm     .   (no gloves)
MR       +....                  (no boots)
Stlth    +++.......             (no amulet)
HPRegen  0.20/turn              q - ring of wizardry
MPRegen  0.17/turn              (no ring)

@: lethally poisoned (-7 -> -11), very slightly contaminated
A: small, carnivore
a: Renounce Religion


You were on level 8 of the Dungeon.
You worshipped Vehumet.
Vehumet was aware of your devotion.
You were very full.

You visited 2 branches of the dungeon, and saw 9 of its levels.
You also visited: Ossuary.

You collected 493 gold pieces.

Inventory:

Hand Weapons
 a - a +1 falchion of flaming (weapon)
 b - a +2 short sword of freezing
 w - a cursed -3 long sword
Missiles
 f - 52 poisoned needles
 t - 73 arrows
 D - 5 needles of sleeping
 F - 4 needles of confusion
Armour
 n - a scarf of resistance
 A - a +2 cloak of magic resistance (worn)
 C - the +1 ring mail of Sorcery {Str+5}
   (You found it on level 8 of the Dungeon)

   It affects your strength (+5).
 I - a +2 robe of cold resistance (worn)
Jewellery
 q - a ring of wizardry (left hand)
Wands
 p - a wand of polymorph (18)
Scrolls
 e - a scroll of amnesia
 h - 4 scrolls of enchant weapon
 i - 6 scrolls of remove curse
 m - a scroll of enchant armour
 v - 2 scrolls of fear
 x - 4 scrolls of teleportation
 y - a scroll of vulnerability {unknown}
 H - 2 scrolls of magic mapping
 J - a scroll of random uselessness {unknown}
 K - 2 scrolls of immolation {unknown}
Potions
 d - a potion of degeneration {unknown}
 g - a potion of agility
 j - 2 potions of resistance {unknown}
 k - a potion of brilliance
 o - a potion of haste
 r - 5 potions of mutation
 s - a potion of might
 u - 2 potions of curing
 z - a potion of cancellation {unknown}
 B - 2 potions of magic
 E - 5 potions of flight
 G - 4 potions of ambrosia
Comestibles
 c - 13 rations


   Skills:
 * Level 5.8 Fighting
 * Level 4.9 Long Blades
 * Level 7.4 Dodging
 * Level 5.9 Stealth
 * Level 6.3 Spellcasting
 * Level 7.1 Conjurations
 * Level 6.8 Fire Magic
 * Level 4.0 Evocations


You had 12 spell levels left.
You knew the following spells:

 Your Spells              Type           Power        Failure   Level  Hunger
a - Flame Tongue          Conj/Fire      ####.        1%          1    None
b - Fireball              Conj/Fire      ####......   7%          5    #####..
c - Sticky Flame          Conj/Fire      ####....     2%          4    ####...

Your spell library contained the following spells:

 Spells                   Type           Power        Failure   Level  Hunger
 Freeze                   Ice            #...         4%          1    None
 Throw Flame              Conj/Fire      ####..       1%          2    None
 Conjure Flame            Conj/Fire      ####....     1%          3    ##.....
 Inner Flame              Hex/Fire       ###.....     3%          3    ##.....


Dungeon Overview and Level Annotations

Branches:
Dungeon (8/15)             Temple (1/1) D:7
   Lair: D:8-11

Altars:
Ashenzari
Cheibriados
Dithmenos
Elyvilon
Fedhas
Gozag
Hepliaklqana
Kikubaaqudgha
Makhleb
Nemelex Xobeh
Okawaru
Qazlal
Ru
Sif Muna
Trog
Uskayaw
Vehumet
Wu Jian
Xom
Yredelemnul
Zin
The Shining One

Shops:
D:5 }

Annotations:
D:8 Erica


Innate Abilities, Weirdness & Mutations

You are small and have problems with some larger weapons.
You are carnivorous and can eat meat at any time.


Message History

Okay, then.
Casting: Sticky Flame (safe; 2% risk of failure)
Confirm with . or Enter, or press ? or * to list all spells.
Aiming: Sticky Flame (safe; 2% risk of failure)
Press: ? - help, Shift-Dir - straight line, f/p - Erica
Aim: Erica, wielding a scimitar of flaming and wearing an embroidered robe The sticky flame hits Erica.
Erica is heavily wounded.
Erica is covered in liquid flames!
You feel sick.
Erica burns!
Erica points at you and mumbles some strange words.
You resist with almost no effort.
You feel sick.
Erica burns!
You feel sick.
Erica burns!
Erica screams, "Die!"
Erica burns!
You feel sick.
Erica burns!
Erica burns!
Erica gestures at you while chanting. The orb of energy hits you!
You die...

>...# #####†##
#......... ....###
##.## #########.
###...### ##.###### ##
###...# ##..##.##### #
##..# ##........## #
##.# #### #########.##
# ##.# ##>.## ##.# ##
##..# ###....## #.#
.####..## #..###@.#
#.## .......####.##
#..# ########..#
##..........# ##@#
#.....###..
##........## #..#
##......###.
#..####### #..#
#......## #. #.##
###..# ##......# ##.
##.#
###....###.......###.#
##..#
#......##....#......##
....#
##.........[.####....#


You could see Erica (burning).

Vanquished Creatures
  Grinder (D:3)
  A hippogriff (D:8)
  Sigmund (D:2)
  Eustachio (D:4)
  A hungry ghost (D:7)
  Menkaure (D:7)
  Edmund (D:6)
  A water moccasin (D:7)
  Duvessa (D:5)
  5 ice beasts
  4 sky beasts
  2 phantoms
  3 orc warriors
  3 ogres
  A necrophage (D:5)
  2 centaurs (D:6)
  A big kobold (D:6)
  4 elf zombies (Ossuary)
  Dowan (D:5)
  8 bullfrogs
  3 scorpions
  3 howler monkeys
  3 crimson imps
  4 human zombies (Ossuary)
  5 centaur zombies
  A jelly (D:6)
  A bullfrog skeleton (D:6)
  6 hounds
  Crazy Yiuf (D:4)
  3 gnoll shamans
  3 orc priests
  5 orc wizards
  An iguana (D:4)
  4 worker ants
  A hound skeleton (D:2)
  4 mummies
  A worker ant zombie (D:8)
  18 gnolls
  5 adders
  3 shadow imps
  3 oozes
  An adder skeleton (D:5)
  A worm (D:4)
  2 dart slugs
  6 leopard geckos
  21 orcs
  7 giant cockroaches
  16 hobgoblins
  18 jackals
  14 kobolds
  6 quokkas
  7 bats
  6 frilled lizards
  11 goblins
  A hobgoblin zombie (D:6)
  A kobold zombie (D:6)
  A leopard gecko skeleton (D:5)
  2 quokka skeletons
  7 rats
  A plant (D:6)
250 creatures vanquished.

Notes
Turn   | Place    | Note
-------+----------+-------------------------------------------
     0 | D:1      | Ihlosi the Kobold Fire Elementalist began the quest for the
                  | Orb.
     0 | D:1      | Reached XP level 1. HP: 10/10 MP: 3/3
   110 | D:1      | Reached XP level 2. HP: 13/16 MP: 0/5
   744 | D:1      | Reached skill level 1 in Fighting
   885 | D:1      | Reached XP level 3. HP: 20/20 MP: 3/6
  1849 | D:2      | Reached XP level 4. HP: 22/25 MP: 2/8
  1888 | D:2      | Learned a level 4 spell: Sticky Flame
  2280 | D:2      | Reached XP level 5. HP: 23/30 MP: 2/9
  2392 | D:2      | Noticed Sigmund
  3152 | D:3      | Noticed Grinder
  3452 | D:3      | Reached XP level 6. HP: 34/35 MP: 7/11
  3517 | D:3      | Found a stormy altar of Qazlal.
  4109 | D:4      | Noticed a phantom
  4543 | D:4      | Noticed Eustachio
  4563 | D:4      | Killed Eustachio
  4563 | D:4      | Reached XP level 7. HP: 40/40 MP: 1/13
  5452 | D:4      | Found a runed door.
  5456 | D:4      | Noticed Crazy Yiuf
  5466 | D:4      | Killed Crazy Yiuf
  5753 | D:3      | Killed Grinder
  5753 | D:3      | Reached skill level 1 in Long Blades
  5753 | D:3      | Reached XP level 8. HP: 39/46 MP: 9/14
  5837 | D:2      | Killed Sigmund
  5837 | D:2      | Reached skill level 5 in Conjurations
  5901 | D:2      | Found a faded altar of an unknown god.
  6931 | D:5      | Entered Level 5 of the Dungeon
  7177 | D:5      | Found Nane's Gadget Emporium.
  7728 | D:5      | Noticed Duvessa
  7728 | D:5      | Noticed Dowan
  7753 | D:5      | Killed Duvessa
  7753 | D:5      | Reached skill level 5 in Dodging
  7753 | D:5      | Reached skill level 5 in Fire Magic
  7753 | D:5      | Reached XP level 9. HP: 27/52 MP: 0/16
  7925 | D:5      | Killed Dowan
  8187 | D:5      | Reached skill level 5 in Spellcasting
  8930 | D:6      | Reached skill level 1 in Evocations
  9079 | D:6      | Found a sand-covered staircase.
  9128 | Ossuary  | Entered an ossuary
  9609 | Ossuary  | Reached skill level 5 in Fighting
  9609 | Ossuary  | Reached XP level 10. HP: 25/59 MP: 1/18
 10442 | D:6      | Reached skill level 5 in Stealth
 10834 | D:6      | Noticed Edmund
 10844 | D:6      | Killed Edmund
 11064 | D:7      | Found a staircase to the Ecumenical Temple.
 11084 | Temple   | Entered the Ecumenical Temple
 11117 | Temple   | Became a worshipper of Vehumet
 11382 | D:7      | Learned a level 5 spell: Fireball
 11992 | D:7      | Noticed Menkaure
 12026 | D:8      | Noticed Erica
 12153 | D:8      | Got a spiked ring mail
 12164 | D:8      | Identified the cursed +1 ring mail of Sorcery {Str+5} (You
                  | found it on level 8 of the Dungeon)
 12192 | D:7      | Killed Menkaure
 12430 | D:8      | Reached * piety under Vehumet
 12430 | D:8      | Offered knowledge of Freeze by Vehumet.
 12620 | D:8      | Reached XP level 11. HP: 51/64 MP: 20/20
 13203 | D:8      | HP: 3/64 [Erica/orb of energy (21)]
 13210 | D:8      | Killed from afar by Erica

Skill      XL: |  1  2  3  4  5  6  7  8  9 10 11 |
---------------+----------------------------------+-----
Stealth        | 3 4 5 |  5.9
Fighting       | 1 2 3 5 |  5.8
Dodging        | 3 4 5 6 7 |  7.4
Conjurations   | 2 3 4 5 6 7 |  7.1
Spellcasting   | 3 4 5 6 |  6.3
Fire Magic     | 4 5 6 |  6.8
Long Blades    | 1 2 3 4 |  4.9
Evocations     | 2 3 4 |  4.0

Action                   |  1- 3 |  4- 6 |  7- 9 | 10-12 || total
-------------------------+-------+-------+-------+-------++-------
Melee: Unarmed           |    25 |    31 |       |       ||    56
       Falchion          |       |       |   259 |   236 ||   495
       Short sword       |       |       |    25 |    26 ||    51
 Cast: Flame Tongue      |    69 |   107 |    36 |    44 ||   256
       Sticky Flame      |       |     3 |    45 |    49 ||    97
  Use: Scroll            |       |     5 |     9 |     5 ||    19
       Potion            |       |     3 |     1 |     3 ||     7
 Stab: Sleeping          |     1 |     1 |     6 |     8 ||    16
  Eat: Chunk             |    11 |     9 |    13 |    30 ||    63
       Ration            |       |       |     2 |       ||     2
Armor: Robe              |     2 |    15 |    46 |    70 ||   133
       Skin              |       |     1 |       |       ||     1
Dodge: Dodged            |    54 |   118 |   236 |   276 ||   684
       Rpst.: Falchion   |       |       |    86 |    83 ||   169
